 Dungeon Crawl Stone Soup version 0.29-a0-397-g846e4a0bbc (webtiles) character file.

Game seed: 12537607048119466350

1754 dolemite99 the Spear-Bearer (level 8, -2/59 HPs)
             Began as a Minotaur Fighter on May 12, 2022.
             Was a Follower of Hepliaklqana.
             Killed from afar by a gargoyle (3 damage)
             ... with a stone arrow
             ... on level 7 of the Dungeon.
             The game lasted 00:08:25 (6843 turns).

dolemite99 the Spear-Bearer (Minotaur Fighter)      Turns: 6843, Time: 00:08:25

Health: -2/59      AC: 11    Str: 23    XL:     8   Next: 78%
Magic:  7/7        EV: 11    Int: 11    God:    Hepliaklqana [*.....]
Gold:   169        SH:  9    Dex: 10    Spells: 7/7 levels left

rFire   . . .      SeeInvis .   a - +0 trident
rCold   . . .      Faith    .   G - +0 buckler
rNeg    . . .      Spirit   .   t - +0 chain mail
rPois   .          Reflect  +   (helmet restricted)
rElec   .          Harm     .   (no cloak)
rCorr   .          Rampage  .   (no gloves)
Will    .....                   m - +1 pair of boots
Stlth   ..........              g - amulet of reflection
HPRegen 0.19/turn               c - +4 ring of evasion {=R}
MPRegen 0.10/turn               D - +6 ring of intelligence

@: mighty, studying Maces & Flails
A: reduced essence, horns 2, retaliatory headbutt
a: Renounce Religion, Recall Ancestor, Ancestor Identity


You were on level 7 of the Dungeon.
You worshipped Hepliaklqana.
Hepliaklqana was aware of your devotion.
You visited 2 branches of the dungeon, and saw 8 of its levels.

You collected 319 gold pieces.
You spent 150 gold pieces at shops.

Inventory:

Hand Weapons
 a - a +0 trident (weapon)
 j - the +12 hunting sling "Minotaur's Foe" {flame, rF+++ rC- rN+ Will+}
   (You found it on level 4 of the Dungeon)

   Any ammunition fired from it burns those it strikes, dealing additional fire
   damage.
   rF:        It renders you almost immune to fire.
   rC:        It makes you vulnerable to cold.
   rN:        It protects you from negative energy.
   Will:      It increases your willpower.
 q - a +2 demon whip of venom
 C - a +1 shortbow of freezing
 E - the +3 hunting sling of the Moon {venom, Fly rF+}
   (You found it on level 4 of the Dungeon)

   Any ammunition fired from it poisons the flesh of those it strikes.
   rF:        It protects you from fire.
   Fly:       It grants you flight.
Missiles
 u - 154 stones
 v - 14 poisoned darts (quivered)
 y - a throwing net
Armour
 b - a +0 scale mail
 m - a +1 pair of boots (worn)
 t - a +0 chain mail (worn)
 A - a +0 pair of boots
 G - a +0 buckler (worn)
 I - the +1 ring mail of Elitism {rCorr Int+3 Dex+3 SInv}
   (You found it on level 7 of the Dungeon)

   Int:       It affects your intelligence (+3).
   Dex:       It affects your dexterity (+3).
   SInv:      It lets you see invisible.
   rCorr:     It protects you from acid and corrosion.
Jewellery
 c - a +4 ring of evasion (left hand) {=R}
 g - an amulet of reflection (around neck)
 n - a ring of wizardry
 o - an amulet of magic regeneration
 z - an amulet of regeneration
 B - a ring of magical power
 D - a +6 ring of intelligence (right hand)
Wands
 r - a wand of mindburst (18)
Scrolls
 e - 2 scrolls of noise
 h - 2 scrolls of fog
 i - 3 scrolls of teleportation
 s - 3 scrolls of poison
 F - a scroll of magic mapping
 H - a scroll of fear
Potions
 d - a potion of might
 f - 2 potions of degeneration
 k - 3 potions of curing
 l - a potion of haste {unknown}
 p - 2 potions of heal wounds {unknown}
 w - a potion of magic {unknown}
 x - a potion of mutation {unknown}


   Skills:
 + Level 4.3 Fighting
 - Level 13.3 Polearms
 - Level 3.6 Armour
 - Level 3.6 Shields


You had 7 spell levels left.
You didn't know any spells.
Your spell library contained the following spells:

 Spells                   Type           Power      Damage    Failure   Level
 Animate Skeleton         Necr           0%         N/A       98%         1
 Apportation              Tloc           0%         N/A       98%         1
 Freeze                   Ice            0%         1d3       98%         1
 Magic Dart               Conj           0%         1d3       98%         1
 Summon Small Mammal      Summ           0%         N/A       98%         1
 Corpse Rot               Necr/Air       0%         N/A       99%         2
 Poisonous Vapours        Pois/Air       0%         N/A       99%         2
 Searing Ray              Conj           0%         2d4       99%         2
 Frozen Ramparts          Ice            0%         1d2       100%        3
 Fulminant Prism          Conj/Hex       0%         3d6       100%        4
 Hailstorm                Conj/Ice       0%         3d3       100%        4
 Ice Form                 Ice/Tmut       0%         N/A       100%        4
 Simulacrum               Ice/Necr       0%         N/A       100%        6


Dungeon Overview and Level Annotations

Branches:
Dungeon (7/15)             Temple (1/1) D:5

Altars:
Ashenzari
Cheibriados
Dithmenos
Elyvilon
Fedhas
Gozag
Hepliaklqana
Kikubaaqudgha
Makhleb
Nemelex Xobeh
Uskayaw
Vehumet
Wu Jian
Xom
Yredelemnul
Zin
The Shining One

Shops:
D:2 ([***

Annotations:
D:2 Robin
D:4 1 runed translucent door
D:5 2 runed translucent doors


Innate Abilities, Weirdness & Mutations

Your life essence is reduced to manifest your ancestor. (-10% HP)
You have a pair of horns on your head.
You reflexively headbutt those who attack you in melee.


Message History

The stone arrow hits you!
Bintanath barely misses the orc wizard.
The orc wizard hits you but does no damage.
You bump into the rock wall.
The centaur unwields a +0 shortbow.
The centaur barely misses you.
The centaur kicks you but does no damage.
Bintanath hits the orc wizard.
The orc warrior zaps a wand.
Your mind is blasted!
The orc wizard hits Bintanath with a +0 dagger.
You are too confused!
You are too confused!
You feel very mighty all of a sudden. The centaur completely misses you.
The centaur barely misses you.
Bintanath hits the orc wizard but does no damage.
The orc wizard gestures at Bintanath while chanting.
The magic dart hits Bintanath!
The gargoyle hits you with a +0 flail!
You bump into the rock wall.
The centaur hits you but does no damage.
The centaur kicks you but does no damage.
The centaur hits you but does no damage.
The centaur kicks you but does no damage.
Bintanath hits the orc wizard.
The orc wizard dies!
Something barely misses Bintanath.
The gargoyle hits you with a +0 flail!
* * * LOW HITPOINT WARNING * * *
You are too confused!
Unknown command.
It was a potion of curing.
You feel better. You block the centaur's attack. x2
The gargoyle misses you. You furiously retaliate!
You headbutt the gargoyle, but do no damage.
The centaur hits you but does no damage.
The centaur kicks you but does no damage.
You block the centaur's attack. The centaur closely misses you.
Bintanath hits the gargoyle but does no damage.
The orc warrior hits you from afar with a +0 glaive!
* * * LOW HITPOINT WARNING * * *
Something hits Bintanath.
The gargoyle hurls a stone arrow at you.
The stone arrow hits you.
You die...

#...........>#
......
...#.############
.#...#...#.#.#
#...#...#..#.#
...#$..#!..#.#
#...#...#..#.#
.#...#o.{#.#.#
......9Rc).#.+
#.....@....#
....########.# #
#.# #.# #.# #..
###


You could see the friendly Bintanath the ancestor, an orc warrior, a gargoyle
(ally target) and a centaur.

Vanquished Creatures
  Edmund (D:6)
  2 ice beasts
  An ogre (D:5)
  2 centaurs (D:6)
  A kobold brigand (D:6)
  A necrophage (D:5)
  2 scorpions
  7 wights
  2 hounds
  2 orc priests
  A jelly (D:7)
  A gnoll shaman (D:4)
  Ijyb (D:3)
  3 iguanas
  2 orc wizards (D:5)
  4 gnolls (D:4)
  10 adders
  A shadow imp (D:6)
  A white imp (D:6)
  2 worms
  6 dart slugs
  6 orcs
  9 ball pythons
  6 bats
  8 endoplasms
  3 giant cockroaches (D:1)
  14 goblins
  10 hobgoblins
  6 jackals
  2 quokkas (D:2)
  8 frilled lizards
  A goblin skeleton (D:4)
  8 kobolds
  4 rats
138 creatures vanquished.

Vanquished Creatures (collateral kills)
  A hound (D:4)
  An orc wizard (D:7)
2 creatures vanquished.

Grand Total: 140 creatures vanquished

Notes
Turn   | Place    | Note
-------+----------+-------------------------------------------
     0 | D:1      | dolemite99 the Minotaur Fighter began the quest for the
                  | Orb.
     0 | D:1      | Reached XP level 1. HP: 19/19 MP: 0/0
    56 | D:1      | Reached skill level 3 in Polearms
    60 | D:1      | Reached XP level 2. HP: 26/26 MP: 1/1
   140 | D:1      | Reached skill level 4 in Polearms
   259 | D:1      | Found a faded altar of an unknown god.
   350 | D:1      | Prayed at the altar of an unknown god.
   350 | D:1      | Became a worshipper of the Shining One
   350 | D:1      | Reached * piety under the Shining One
   395 | D:1      | Reached XP level 3. HP: 31/31 MP: 2/2
   838 | D:2      | Found Suxukh's Armour Emporium.
   846 | D:2      | Bought a +0 pair of boots for 58 gold pieces
   864 | D:2      | Reached skill level 5 in Polearms
   953 | D:2      | Noticed Robin
   976 | D:2      | Reached XP level 4. HP: 33/39 MP: 3/3
  1008 | D:2      | Found Pycezi's Antique Weapon Shoppe.
  1284 | D:2      | Found Attes's General Store.
  1289 | D:2      | Bought a scroll of fog for 24 gold pieces
  1289 | D:2      | Bought a potion of might for 48 gold pieces
  1291 | D:2      | Found Pacul's Assorted Antiques.
  1317 | D:2      | Bought a fizzy grey potion for 20 gold pieces
  1387 | D:2      | Found Beamierch's General Store.
  1886 | D:3      | Found a snail-covered altar of Cheibriados.
  2123 | D:3      | Reached skill level 6 in Polearms
  2163 | D:3      | Found a shadowy altar of Dithmenos.
  2339 | D:3      | Noticed Ijyb
  2347 | D:3      | Killed Ijyb
  2348 | D:3      | Reached XP level 5. HP: 44/45 MP: 4/4
  2609 | D:4      | Reached ** piety under the Shining One
  2743 | D:4      | Identified the +12 hunting sling "Minotaur's Foe" {flame,
                  | rF+++ rC- rN+ Will+}
  2775 | D:4      | Found a radiant altar of Vehumet.
  2840 | D:4      | Reached skill level 7 in Polearms
  2908 | D:4      | Found a runed translucent door.
  2908 | D:4      | Noticed a human
  2939 | D:4      | Reached XP level 6. HP: 46/51 MP: 5/5
  3029 | D:4      | Reached skill level 8 in Polearms
  3056 | D:4      | You fall into a shaft and drop 2 floors!
  3152 | D:6      | Noticed an ice beast
  3168 | D:6      | Killed an ice beast
  3169 | D:6      | Reached skill level 9 in Polearms
  3176 | D:6      | Noticed Edmund
  3198 | D:6      | Killed Edmund
  3199 | D:6      | Reached XP level 7. HP: 44/57 MP: 6/6
  3847 | D:5      | Entered Level 5 of the Dungeon
  3871 | D:5      | Reached skill level 10 in Polearms
  3989 | D:4      | Identified the +3 hunting sling of the Moon {venom, Fly
                  | rF+}
  4052 | D:4      | Found a basalt altar of Yredelemnul.
  4253 | D:4      | Found a burning altar of Makhleb.
  4573 | D:5      | Found a large runed translucent door.
  4577 | D:5      | Found a large runed translucent door.
  4589 | D:5      | Reached skill level 11 in Polearms
  4681 | D:5      | Reached XP level 8. HP: 63/64 MP: 7/7
  5030 | D:5      | Found a staircase to the Ecumenical Temple.
  5039 | Temple   | Entered the Ecumenical Temple
  5441 | Temple   | Fell from the grace of the Shining One
  5441 | Temple   | Became a worshipper of Hepliaklqana the Forgotten
  5671 | D:5      | Reached skill level 12 in Polearms
  6366 | D:6      | Reached skill level 13 in Polearms
  6725 | D:7      | Identified the +1 ring mail of Elitism {rCorr Int+3 Dex+3
                  | SInv}
  6813 | D:7      | Reached * piety under Hepliaklqana
  6834 | D:7      | Noticed a gargoyle
  6843 | D:7      | HP: 1/59 [orc warrior/+0 glaive (15)]
  6843 | D:7      | Killed from afar by a gargoyle

Illustrated notes

Levels and vault maps discovered:
D:1:      lightli_arrival_windingriver, layout_basic,
          ebering_ecumenical_altar_webs
D:2:      layout_loops_ring, serial_shops, shop, nicolae_shop_crystal,
          nicolae_square_shop, shop_coins, shop, minivault_11, minmay_tripent,
          uniq_robin
D:3:      layout_loops_ring, lemuel_coloured_pillars_altar, lemuel_tele_altar,
          minmay_crystal_room, uniq_ijyb
D:4:      layout_loops_cross, dk_yredelemnul_ordeal, lightli_temple_of_fire,
          nicolae_vehumet_altar_sigil, minmay_joined_circles
D:5:      layout_loops_cross, jmf_multi_god_temple2,
          minmay_temple_entry_glassed_door, minmay_misc_feat_tower
D:6:      layout_basic, minmay_misc_feat_rows, uniq_edmund
D:7:      cheibrodos_fzero, layout_basic, lemuel_flamethrower_2, uniq_pikel
Temple:   minmay_temple_forest_path

Skill      XL: |  1  2  3  4  5  6  7  8 |
---------------+-------------------------+-----
Polearms       | 3 4 5 6 7 9 11 13 | 13.3
Fighting       | 4 |  4.3
Armour         | |  3.6
Shields        | |  3.6

Action                   |  1- 3 |  4- 6 |  7- 9 || total
-------------------------+-------+-------+-------++-------
Melee: Trident           |    82 |   131 |   153 ||   366
       Headbutt          |     7 |    22 |    31 ||    60
Throw: Boomerang         |    15 |     2 |       ||    17
       Dart              |       |    32 |    41 ||    73
       Stone             |       |    14 |     5 ||    19
  Use: Scroll            |       |     5 |     6 ||    11
       Potion            |       |       |     2 ||     2
Armor: Scale mail        |    22 |     8 |       ||    30
       Chain mail        |       |    17 |    38 ||    55
Dodge: Dodged            |    20 |    33 |    31 ||    84
Block: Buckler           |    13 |    42 |    50 ||   105
       Reflection        |       |     1 |     5 ||     6

Table legend: (Time is in decaauts)
 A = Elapsed time spent in this place.
 B = Non-inter-level travel time spent in this place.
 C = Inter-level travel time spent in this place.
 D = Time resting spent in this place.
 E = Time spent auto-exploring this place.
 F = Levels seen in this place.
 G = Mean time per level.
                   A        B        C        D        E       F      G
               +--------+--------+--------+--------+--------+-----+--------+
         Total |   6826 |   6558 |    268 |   1560 |   3546 |   8 |  853.2 |
       Dungeon |   6370 |   6154 |    216 |   1560 |   3161 |   7 |  910.0 |
        Temple |    455 |    403 |     52 |      0 |    385 |   1 |  455.0 |
               +--------+--------+--------+--------+--------+-----+--------+

Top non-repeatable levels by time:
     D:6: 1477 daAuts
     D:2: 1126 daAuts
     D:5: 998 daAuts
     D:4: 985 daAuts
     D:3: 942 daAuts
     D:1: 670 daAuts
  Temple: 455 daAuts
     D:7: 171 daAuts
